Map: Ley Lines

Players

LiquidMaNa (MaNa)

  • Race: Protoss Protoss
  • League: Grandmaster
  • Spawn Location: 7:00

LiquidClem (Clem) - Winner!

  • Race: Terran Terran
  • League: Grandmaster
  • Spawn Location: 1:00

Event: HomeStory Cup XXVI

VOD

Have the link to the VOD?

Description

Time

  • Played on: Nov. 30, 2024, 6:37 a.m.
  • Length: 13:29

All games in this series

Show
View Real Time Build Order
Export as new Build Order

LiquidMaNa Protoss 

Build Orders: Phoenix Opening 

Get SALT Encoding   

  12  0:02  Probe  
  13  0:14  Probe  
  13  0:18  Pylon  
  14  0:26  Probe  
  15  0:34  Probe  
  15  0:36  Gateway  
  15  0:42  Probe  
  16  0:46  Assimilator  
  17  0:53  Probe  
  18  1:05  Probe  
  19  1:17  Probe  
  20  1:28  Cybernetics Core  
  20  1:29  Probe  
  21  1:41  Probe  
  21  1:43  Pylon  
  22  1:52  Nexus  
  22  1:54  Probe  
  22  1:56  Adept  
  22  1:59  Assimilator  
  25  2:08  Probe  
  26  2:18  Stalker  
  26  2:19  Stargate  
  26  2:21  Probe  
  27  2:33  Probe  
  30  2:38  Warp Gate  
  30  2:45  Probe  
  31  2:56  Phoenix  
  31  3:04  Probe  
  31  3:05  Probe  
  35  3:13  Stalker  
  35  3:16  Probe  
  35  3:17  Probe  
  39  3:23  Phoenix  
  41  3:28  Pylon, Probe  
  41  3:29  Probe  
  43  3:35  Gateway  
  43  3:40  Probe, Phoenix  
  44  3:41  Probe  
  47  3:48  Assimilator  
  47  3:50  Assimilator  
  47  3:52  Probe  
  47  3:53  Probe  
  49  3:59  Pylon  
  49  4:06  Phoenix  
  51  4:10  Probe  
  51  4:11  Probe  
  48  4:22  Probe  
  48  4:23  Probe  
  50  4:34  Probe  
  50  4:35  Probe  
  50  4:38  Robotics Facility  
  52  4:46  Nexus, Probe  
  52  4:48  Sentry, Pylon  
  55  4:53  Probe  
  55  4:58  Probe, Phoenix  
  59  5:05  Probe  
  59  5:06  Shield Battery  
  60  5:10  Probe  
  61  5:17  Probe  
  61  5:18  Stalker  
  61  5:19  Observer  
  61  5:20  Stalker  
  66  5:22  Pylon  
  66  5:28  Probe  
  66  5:29  Probe  
  65  5:39  Phoenix  
  66  5:49  Observer, Probe  
  65  5:52  Probe  
  67  5:59  Probe  
  67  6:01  Probe  
  67  6:02  Probe  
  69  6:04  Phoenix  
  69  6:06  Robotics Bay  
  69  6:11  Probe  
  73  6:13  Probe  
  74  6:19  Probe  
  74  6:24  Immortal  
  73  6:26  Probe  
  73  6:27  Probe  
  73  6:28  Shield Battery  
  73  6:30  Probe  
  74  6:35  Probe  
  74  6:38  Probe x2  
  79  6:40  Pylon x2  
  79  6:43  Probe  
  80  6:47  Colossus  
  75  6:59  Probe x2  
  75  7:01  Phoenix  
  79  7:07  Shield Battery  
  85  7:12  Extended Thermal Lance, Twilight Council  
  85  7:13  Gateway  
  85  7:19  Probe x2  
  85  7:21  Zealot x2  
  91  7:26  Phoenix  
  89  7:40  Colossus  
  89  7:41  Zealot x2  
  97  7:44  Probe  
  98  7:52  Charge  
  98  7:53  Phoenix  
  98  7:55  Probe x2  
  98  7:56  Probe  
  103  7:58  Pylon  
  103  8:03  Gateway x2  
  102  8:07  Forge, Probe  
  102  8:11  Probe  
  102  8:18  Phoenix  
  102  8:23  Zealot x2  
  102  8:24  Zealot  
  108  8:29  Probe x2  
  110  8:35  Nexus  
  110  8:37  Pylon  
  116  8:45  Nexus  
  95  9:03  Zealot x4, Protoss Ground Weapons Level 1  
  95  9:04  Zealot, Probe  
  106  9:21  Phoenix  
  106  9:23  Nexus  
  108  9:24  Zealot x4, Robotics Facility  
  108  9:27  Robotics Facility  
  108  9:28  Pylon  
  116  9:37  Dark Shrine  
  114  9:48  Zealot x4, Probe  
  114  9:50  Zealot  
  125  10:06  Photon Cannon  
  125  10:09  Pylon, Photon Cannon  
  125  10:10  Pylon  
  125  10:12  Colossus  
  125  10:14  Colossus  
  125  10:20  Pylon  
  125  10:27  Probe x2  
  133  10:28  Probe  
  133  10:30  Blink  
  133  10:34  Forge  
  140  10:35  Pylon  
  140  10:39  Probe  
  137  10:43  Phoenix  
  139  10:50  Dark Templar x2  
  139  10:51  Dark Templar x2  
  147  10:57  Protoss Ground Weapons Level 2  
  147  10:58  Zealot  
  147  11:00  Colossus  
  155  11:18  Gateway  
  155  11:19  Gateway, Zealot  
  155  11:21  Gateway  
  155  11:28  Stalker x2  
  155  11:29  Zealot x2  
  155  11:30  Probe  
  158  11:37  Assimilator  
  158  11:38  Assimilator  
  156  11:42  Gateway x2  
  156  11:46  Stalker  
  158  11:49  Shield Battery  
  158  11:50  Zealot x2  
  162  11:56  Immortal  
  162  11:59  Zealot x2  
  170  12:14  Nexus  
  156  12:16  Zealot x2  
  156  12:20  Zealot x6  
  137  12:40  Stalker x5  
  145  12:49  Zealot x5  
  135  12:59  Probe x3  
  138  13:10  Dark Templar x4  
  146  13:14  Archon x2  
  132  13:21  Zealot x5  
Show
View Real Time Build Order
Export as new Build Order

LiquidClem Terran - Winner!

Build Orders: 1/1/1, Banshee Rush 

Get SALT Encoding   

  12  0:00  SCV  
  13  0:12  SCV  
  14  0:16  Supply Depot  
  14  0:24  SCV  
  14  0:27  Refinery  
  15  0:38  SCV  
  16  0:42  Barracks  
  16  0:50  SCV  
  17  1:02  SCV  
  18  1:14  SCV  
  18  1:16  Engineering Bay  
  19  1:29  Orbital Command, Marine  
  20  1:35  Factory  
  20  1:42  Supply Depot  
  20  1:48  Barracks Reactor  
  20  1:55  SCV  
  21  2:07  SCV  
  22  2:13  Command Center  
  22  2:19  SCV  
  23  2:24  Starport  
  23  2:28  Marine  
  24  2:30  Marine  
  24  2:32  SCV  
  24  2:36  Refinery  
  26  2:41  Supply Depot  
  26  2:44  SCV  
  26  2:48  Marine  
  26  2:49  Marine  
  29  2:56  SCV  
  30  3:03  Medivac  
  32  3:05  Marine  
  32  3:07  Marine  
  32  3:08  Widow Mine  
  32  3:11  SCV  
  37  3:23  SCV, Marine  
  37  3:24  Marine  
  40  3:30  Factory Tech Lab  
  40  3:35  Supply Depot, SCV  
  41  3:41  Marine  
  41  3:42  Marine  
  41  3:45  Orbital Command  
  41  3:47  SCV  
  44  3:52  Banshee  
  44  3:55  Cloaking Field  
  47  3:59  SCV, Factory Tech Lab  
  47  4:01  Marine  
  49  4:04  Marine  
  50  4:11  SCV x2  
  50  4:19  Cyclone  
  50  4:23  SCV  
  50  4:24  SCV  
  55  4:27  Supply Depot  
  55  4:28  Marine  
  55  4:29  Marine  
  50  4:35  SCV, Banshee  
  50  4:38  SCV  
  54  4:40  Barracks  
  54  4:45  Supply Depot  
  54  4:47  SCV, Marine x2  
  54  4:50  SCV  
  58  4:54  Cyclone  
  58  4:59  SCV  
  62  5:01  Refinery  
  62  5:03  SCV  
  62  5:05  Marine x2  
  65  5:08  Barracks  
  65  5:11  SCV  
  65  5:12  Supply Depot  
  66  5:18  SCV  
  66  5:19  Engineering Bay  
  67  5:24  SCV, Marine x2  
  70  5:30  SCV  
  71  5:36  SCV  
  71  5:40  Refinery  
  71  5:41  Marine, Stimpack  
  71  5:42  SCV, Marine  
  74  5:44  Marine  
  74  5:48  SCV  
  69  5:50  Terran Infantry Weapons Level 1  
  69  5:54  SCV, Starport Reactor  
  70  5:59  Marine  
  70  6:00  SCV  
  70  6:01  Supply Depot, Marine, Factory Reactor  
  70  6:03  Combat Shield, Marine  
  74  6:05  Marauder  
  74  6:06  SCV  
  77  6:16  Command Center  
  77  6:18  Marauder  
  78  6:20  Marine  
  78  6:23  Marine  
  75  6:26  Marauder  
  75  6:32  Medivac x2  
  81  6:38  Marine  
  81  6:39  Barracks, Widow Mine, Marauder  
  85  6:40  Barracks, Widow Mine  
  85  6:41  Marine  
  85  6:43  Supply Depot  
  85  6:46  SCV  
  87  6:47  SCV  
  87  6:48  Marauder  
  86  6:56  Marine  
  86  6:59  SCV x2, Marine  
  90  7:02  Medivac x2  
  90  7:03  Supply Depot  
  90  7:06  Widow Mine x2  
  90  7:08  Marauder  
  100  7:11  SCV x2  
  100  7:15  Supply Depot  
  102  7:21  Concussive Shells  
  102  7:24  SCV x2, Marine x2  
  102  7:25  Marauder  
  102  7:27  Barracks Tech Lab, Barracks Reactor  
  102  7:29  Orbital Command  
  108  7:34  Widow Mine x2  
  108  7:37  SCV x2  
  114  7:40  Medivac x2  
  114  7:43  Marine x2  
  119  7:46  Terran Infantry Armor Level 1  
  119  7:47  Supply Depot  
  119  7:49  SCV x2  
  121  7:52  Marauder  
  121  7:56  Supply Depot, SCV  
  121  7:57  Marauder  
  124  8:00  Marine  
  124  8:01  SCV x2, Marine  
  128  8:07  Marine x2  
  128  8:08  SCV, Ghost Academy  
  128  8:09  Marauder  
  133  8:13  SCV x2, Viking x2  
  136  8:20  SCV  
  136  8:25  Supply Depot, Marine x3  
  141  8:30  Supply Depot, Marauder x3  
  141  8:32  Refinery  
  141  8:33  Refinery  
  142  8:36  Marine  
  143  8:43  Supply Depot, Viking  
  143  8:47  Marine x2  
  147  8:50  Ghost  
  147  8:52  Armory, Widow Mine x2  
  147  8:53  Marine, Engineering Bay  
  155  8:56  Ghost  
  155  9:01  Marine  
  139  9:05  Marine x2  
  139  9:06  Command Center  
  131  9:10  Marine  
  131  9:12  Viking  
  131  9:13  Marine  
  131  9:15  Viking  
  132  9:17  Widow Mine x2  
  132  9:19  Marine  
  132  9:23  Supply Depot, Ghost  
  133  9:25  Marine x2  
  133  9:28  Marine  
  139  9:32  Missile Turret  
  139  9:33  Ghost  
  139  9:36  Marine  
  143  9:41  Ghost  
  143  9:42  Marine x2, Missile Turret, Viking  
  152  9:46  Marine  
  152  9:50  Supply Depot  
  152  9:51  Viking  
  155  9:56  Marine  
  155  9:58  Marauder  
  158  10:00  Marine x2  
  158  10:05  Barracks  
  156  10:07  Marine, Barracks x2  
  156  10:08  Marauder, Terran Infantry Weapons Level 2  
  156  10:09  Starport  
  156  10:12  Viking  
  156  10:13  Supply Depot  
  161  10:15  SCV x3  
  161  10:17  Marine  
  165  10:21  Terran Infantry Armor Level 2  
  165  10:25  Marine x2  
  165  10:26  Missile Turret, Marauder, Sensor Tower  
  169  10:30  Marine, Marauder  
  170  10:36  Marine, Missile Turret  
  170  10:37  SCV, Marine  
  170  10:42  Marine, Viking  
  165  10:47  Marauder  
  165  10:48  Terran Ship Weapons Level 1  
  168  10:50  Planetary Fortress  
  168  10:52  Marine  
  169  10:57  Missile Turret  
  169  10:58  Barracks Tech Lab x3, Missile Turret  
  169  11:00  Marine x2  
  169  11:02  Marine  
  172  11:05  Viking  
  172  11:07  Viking  
  172  11:10  Medivac  
  178  11:12  Marauder  
  178  11:13  Marauder  
  178  11:18  Refinery  
  182  11:19  SCV, Sensor Tower  
  182  11:20  Refinery  
  182  11:23  SCV x2  
  183  11:26  Marine  
  183  11:28  Marauder  
  183  11:30  Marauder  
  186  11:35  SCV  
  186  11:36  Command Center  
  186  11:38  Ghost x2  
  193  11:43  Ghost  
  196  11:48  Marauder  
  196  11:49  Marauder  
  196  11:54  Marine  
  198  11:55  Marine x2  
  200  12:01  Marine, Marauder  
  200  12:07  Marauder  
  198  12:11  Marine  
  198  12:14  Viking  
  192  12:16  Marine  
  192  12:19  Viking  
  192  12:20  Marauder  
  192  12:21  Marine  
  192  12:22  Marauder  
  192  12:24  Viking x2  
  192  12:28  Marine  
  192  12:29  Ghost  
  193  12:35  Marine  
  188  12:40  Marauder  
  188  12:41  Marine  
  188  12:42  Marine  
  188  12:43  Marine, Marauder  
  190  12:44  Viking  
  190  12:49  Viking  
  190  12:50  Marine  
  175  12:51  Marauder  
  175  12:55  SCV  
  175  12:57  SCV x3  
  175  13:05  Barracks Tech Lab  
  175  13:07  SCV  
  175  13:08  Missile Turret  
  176  13:16  SCV  
Tags
 
Add a new tag
Caveats
  • Supply blocks, unpowered buildings, or Contaminate may cause inaccurate times.
  • Supply counts are checked every 10 seconds.